 Dungeon Crawl Stone Soup version 0.29.1-2-gbd0b4ee654 (webtiles) character file.

Game seed: 634178277272093352

126 DildoBatman the Conjurer (level 5, -2/35 HPs)
             Began as a Formicid Conjurer on Oct 26, 2022.
             Slain by a gnoll
             ... wielding a +0 whip
              (5 damage)
             ... on level 2 of the Dungeon.
             The game lasted 00:04:13 (1505 turns).

DildoBatman the Conjurer (Formicid Conjurer)        Turns: 1505, Time: 00:04:13

Health: -2/35      AC:  2    Str: 12    XL:     5   Next: 31%
Magic:  0/8        EV: 12    Int: 17    God:
Gold:   25         SH:  0    Dex: 14    Spells: 5/8 levels left

rFire   . . .      SeeInvis +   d - +0 dagger
rCold   . . .      Faith    .   (no shield)
rNeg    . . .      Spirit   .   a - +0 robe
rPois   .          Reflect  .   (helmet unavailable)
rElec   .          Harm     .   (no cloak)
rCorr   .          Rampage  .   (no gloves)
Will    .....                   (no boots)
Stlth   ++........              (no amulet)
HPRegen 0.11/turn               (no ring)
MPRegen 0.11/turn               (no ring)

@: no status effects
A: permanent stasis, dig shafts and tunnels, antennae 3, four strong arms
a: Dig, Shaft Self


You were on level 2 of the Dungeon.
You visited 1 branch of the dungeon, and saw 2 of its levels.

You collected 25 gold pieces.

Inventory:

Hand Weapons
 d - a +0 dagger (weapon)
Missiles
 f - 6 boomerangs
 g - 13 stones
Armour
 a - a +0 robe (worn)
 k - the +0 ring mail of the Black Moon {rN+ Str+3}
   (You found it on level 2 of the Dungeon)

   Str:       It affects your strength (+3).
   rN:        It protects you from negative energy.
Scrolls
 j - a scroll of butterflies {unknown}
Potions
 b - a potion of magic
 c - a potion of brilliance {unknown}
 e - a potion of resistance {unknown}
 h - 2 potions of heal wounds {unknown}
 i - 2 potions of lignification {unknown}


   Skills:
 - Level 1.7 Dodging
 - Level 2.4 Stealth
 - Level 2.1 Spellcasting
 * Level 5.7 Conjurations


You had 5 spell levels left.
You knew the following spells:

 Your Spells              Type           Power      Damage    Failure   Level
a - Searing Ray           Conj           42%        2d6       2%          2
c - Magic Dart            Conj           84%        1d7       1%          1

Your spell library contained the following spells:

 Spells                   Type           Power      Damage    Failure   Level
 Dazzling Flash           Conj/Hex       22%        N/A       19%         3
 Summon Guardian Golem    Hex/Summ       1%         N/A       50%         3
 Fulminant Prism          Conj/Hex       5%         3d7       52%         4
 Iskenderun's Mystic Bla  Conj/Tloc      11%        2d4       52%         4
 Orb of Destruction       Conj           10%        9d6       100%        7
 Spellforged Servitor     Conj/Summ      5%         N/A       100%        7


Dungeon Overview and Level Annotations

Branches:
Dungeon (2/15)

Altars:


Innate Abilities, Weirdness & Mutations

You cannot be hasted, slowed, berserked, paralysed or teleported.
You can dig through walls and to a lower floor.
You have a pair of large antennae on your head. (SInv)
Your four strong arms can wield two-handed weapons with a shield.


Message History

The gnoll is almost dead.
The searing ray misses the gnoll. x2
The gnoll hits you with a +0 club.
The searing ray hits the gnoll!
You kill the gnoll!
The searing ray misses the gnoll.
The searing ray hits the gnoll!
The gnoll is severely wounded.
You finish channelling your searing ray.
Casting: Searing Ray (safe; 3% risk of failure)
Confirm with . or Enter, or press ? or * to list all spells.
Aiming: Searing Ray (safe; 3% risk of failure)
Press: ? - help, Shift-Dir - straight line, f - gnoll
Aim: a gnoll, wielding a +0 whip (moderately wounded, 81% to hit)
The searing ray hits the gnoll.
The gnoll is severely wounded.
The searing ray hits the gnoll.
The gnoll is almost dead. (Press . to maintain the ray.)
The gnoll barely misses you. The gnoll misses you.
The searing ray hits the gnoll.
The gnoll is almost dead.
The searing ray hits the gnoll!
You kill the gnoll!
The gnoll barely misses you.
Your life force feels restored.
Without enough magic to sustain it, your searing ray dissipates.
The gnoll misses you.
Casting: Searing Ray (safe; 2% risk of failure)
Confirm with . or Enter, or press ? or * to list all spells.
Aiming: Magic Dart (safe; 1% risk of failure)
Press: ? - help, Shift-Dir - straight line, f/p - gnoll
Aim: a gnoll, wielding a +0 whip (almost dead, 100% to hit)
The magic dart hits the gnoll but does no damage.
The gnoll is almost dead.
The gnoll hits you with a +0 whip. The gnoll attacks as you move away!
The gnoll hits you with a +0 whip.
You die...

..#.#..#.# ###.#..
.......#.# #.#..
#......# #.#.. ##
#..########.#†. ..
#.#.g.....#.... #.
#)#...g...#.... #.
#)#..<....##.#.
#.##.###.#............
#....@g..#......÷##.##
.......#####.......##...
####### #.......##...
###.#.....g.#
#.......... ##.#####.#.
#.# #.#. ###.#####...
#...........


You could see a gnoll.

Vanquished Creatures
  Jessica (D:2)
  3 gnolls (D:2)
  3 adders (D:2)
  A dart slug (D:1)
  5 endoplasms (D:1)
  6 goblins (D:1)
  5 hobgoblins
  2 jackals (D:2)
  5 quokkas (D:1)
  3 ball pythons (D:1)
  4 bats
  2 frilled lizards (D:2)
  2 kobolds (D:1)
  A rat (D:2)
43 creatures vanquished.

Notes
Turn   | Place    | Note
-------+----------+-------------------------------------------
     0 | D:1      | DildoBatman the Formicid Conjurer began the quest for the
                  | Orb.
     0 | D:1      | Reached XP level 1. HP: 13/13 MP: 3/3
   246 | D:1      | Reached skill level 4 in Conjurations
   246 | D:1      | Reached XP level 2. HP: 15/19 MP: 0/5
   262 | D:1      | Learned a level 2 spell: Searing Ray
   444 | D:1      | Found a faded altar of an unknown god.
   591 | D:1      | Reached XP level 3. HP: 24/24 MP: 4/6
  1180 | D:2      | Noticed Jessica
  1187 | D:2      | Killed Jessica
  1188 | D:2      | Reached skill level 5 in Conjurations
  1188 | D:2      | Reached XP level 4. HP: 15/30 MP: 1/7
  1335 | D:2      | Identified the +0 ring mail of the Black Moon {rN+ Str+3}
  1416 | D:2      | Reached XP level 5. HP: 12/35 MP: 0/8
  1505 | D:2      | Slain by a gnoll

Illustrated notes

Levels and vault maps discovered:
D:1:      lemuel_arrival_muddy, layout_basic,
          hellmonk_ecumenical_altar_inner_sanctum, minivault_26, hex_large
D:2:      layout_loops_cross, minmay_liquid_box, st_stairs_13, uniq_jessica

Skill      XL: |  1  2  3 |
---------------+----------+-----
Conjurations   | 4 5 |  5.7
Dodging        | |  1.7
Stealth        | |  2.4
Spellcasting   | |  2.1

Action                   |  1- 3 |  4- 6 || total
-------------------------+-------+-------++-------
Melee: Dagger            |    15 |    12 ||    27
 Cast: Magic Dart        |    55 |    14 ||    69
       Searing Ray       |     4 |     4 ||     8
 Abil: Dig               |       |     1 ||     1
Armor: Robe              |     4 |     5 ||     9
Dodge: Dodged            |    18 |    16 ||    34
